 Dungeon Crawl Stone Soup version 0.29-a0-648-g6b26cc9f40 (webtiles) character file.

Game seed: 15157664673482335784

700 zeratav the Archer (level 7, -6/30 (32) HPs)
             Began as a Spriggan Arcane Marksman on June 20, 2022.
             Was a Follower of Dithmenos.
             Mangled by a wight
             ... wielding a +0 morningstar
              (14 damage)
             ... on level 6 of the Dungeon.
             The game lasted 00:07:43 (6293 turns).

zeratav the Archer (Spriggan Arcane Marksman)       Turns: 6293, Time: 00:07:44

HP:   -6/30 (32)    AC:  2    Str:  6    XL:     7   Next: 38%
MP:   10/10         EV: 17    Int: 15    God:    Dithmenos [*.....]
Gold: 260           SH:  0    Dex: 17    Spells: 7/8 levels left

rFire   . . .      SeeInvis +   a - +0 shortbow {bow}
rCold   . . .      Faith    .   (shield currently unavailable)
rNeg    . . .      Spirit   .   b - +0 robe
rPois   .          Reflect  .   (helmet restricted)
rElec   .          Harm     .   (no cloak)
rCorr   .          Rampage  .   (gloves unavailable)
Will    +....                   (boots unavailable)
Stlth   +++.......              (no amulet)
HPRegen 0.10/turn               (no ring)
MPRegen 0.12/turn               (no ring)

@: wreathed by umbra, drained, very quick
A: very small, no large weapons, unfitting armour, see invisible, speed 3
a: Renounce Religion


You were on level 6 of the Dungeon.
You worshipped Dithmenos.
Dithmenos was aware of your devotion.
You visited 2 branches of the dungeon, and saw 7 of its levels.

You collected 260 gold pieces.


Innate Abilities, Weirdness & Mutations

You are very small and have problems with some larger weapons.
You are too small for most types of armour.
You have supernaturally acute eyesight. (SInv)
You cover ground extremely quickly. (Speed+++)


   Skills:
 - Level 0.7 Fighting
 + Level 9.2 Bows
 - Level 2.6 Dodging
 - Level 5.0 Stealth
 - Level 1.3 Spellcasting
 - Level 3.6 Hexes


You had 7 spell levels left.
You knew the following spells:

 Your Spells              Type           Power      Damage    Failure   Level
a - Slow                  Hex            44%        N/A       5%          1

Your spell library contained the following spells:

 Spells                   Type           Power      Damage    Failure   Level
 Foxfire                  Conj/Fire      4%         2x1d4     24%         1
 Inner Flame              Hex/Fire       6%         N/A       34%         3
 Portal Projectile        Hex/Tloc       12%        N/A       34%         3
 Cause Fear               Hex            5%         N/A       47%         4
 Conjure Flame            Conj/Fire      1%         6-21      56%         3
 Flame Wave               Conj/Fire      1%         2d4       93%         4

Inventory:

Hand Weapons
 a - a +0 shortbow (weapon) {bow}
Armour
 b - a +0 robe (worn)
Jewellery
 w - a ring of poison resistance
   (You found it on level 5 of the Dungeon)
Wands
 q - a wand of flame (7)
   (You found it on level 3 of the Dungeon)
 t - a wand of iceblast (12)
   (You found it on level 4 of the Dungeon)
Scrolls
 c - a scroll of vulnerability {!r!r}
 d - 2 scrolls of fear {unknown}
 f - 3 scrolls of poison {unknown}
 j - 2 scrolls of teleportation {unknown}
 l - a scroll of noise {unknown}
 m - a scroll of magic mapping {unknown}
 n - 4 scrolls of identify {unknown}
 s - a scroll of amnesia {unknown}
 v - a scroll of blinking {unknown}
Potions
 e - a potion of ambrosia {unknown}
 g - 3 potions of resistance {unknown}
 h - 5 potions of curing {unknown}
 i - a potion of berserk rage {unknown}
 k - 2 potions of cancellation {unknown}
 o - 4 potions of lignification {unknown}
 p - a potion of degeneration {unknown}
 r - 2 potions of flight {unknown}
 u - a potion of might {unknown}

Dungeon Overview and Level Annotations

Branches:
Dungeon (6/15) Zot: 25151  Temple (1/1) D:4 Zot: 5785

Altars:
Ashenzari
Cheibriados
Dithmenos
Elyvilon
Gozag
Kikubaaqudgha
Nemelex Xobeh
Qazlal
Ru
Sif Muna
Trog
Uskayaw
Vehumet
Wu Jian
Yredelemnul
Zin
The Shining One

Annotations:
D:4 Dowan, Duvessa

# ..######..#.....#.## ..
....#....#.....#..# ..
...#....'.....#..+ #.
#.#######.....#..#
###..####.###...#.....#..#
........#.......'.....+..#
........'z......#.....#..+
#####+###z###..##.....####
##@###########.....
#.......+....#.....
#.......#....'.....
#..###..##...#.....
#..###..######.....
#.....).##...#.....
#............#.....
#..###..##...#.....
##+####..##...#.....


You could see 2 wights.


Message History

You are too injured to fight recklessly!
Shoot: a) +0 shortbow {bow}
Press: ? - help, Q - select action, (/) - cycle Shift-Dir - straight line, f/p - ogre
Aim: an ogre, wielding a +0 giant club (almost dead, slow, 77% to hit)
You shoot an arrow. The arrow hits the ogre!
You kill the ogre!
Dithmenos accepts your kill.
Your Bows skill increases to level 9!
You start resting.
Your magical contamination has completely faded away.
HP[+23] MP[+2]
Your hp is fully restored (32).
Your mp is fully restored (10).
You see here a +0 shortbow {bow}.
There is a stone staircase leading down here.
Done exploring.
Done exploring.
Done exploring.
(D) Dungeon (T) Temple
Where to? (Enter - D:5, ? - help)
There is a stone staircase leading down here.
You climb downwards.
There is a stone staircase leading up here.
There is an open door here.
There is an open door here.
Things that are here:
a +0 leather armour; a +0 trident {polearm}; an orc skeleton You open the door.
There is an open door here.
j - 2 scrolls labelled SOF WUCARE (gained 1)
You open the door.
There is an open door here.
You open the door.
There is an open door here.
You now have 236 gold pieces (gained 5).
You open the door.
There is an open door here.
There is an open door here.
There is an open door here.
You open the door.
There is an open door here.
You open the door.
There is an open door here.
You open the door.
There is an open door here.
You open the door.
You now have 250 gold pieces (gained 14).
You open the door.
There is an open door here.
You open the door.
There is an open door here.
There is an open door here.
There is an open door here.
You now have 260 gold pieces (gained 10).
You open the door.
There is an open door here.
A wight comes into view. It is wielding a +0 morningstar.
You shoot an arrow. The arrow hits the wight.
You shoot an arrow. The arrow hits the wight.
A wight comes into view. It is wielding a +5 mace.
You shoot an arrow. The arrow hits the wight.
You shoot an arrow. The arrow hits the wight!
You shoot an arrow.
The arrow hits the wight but does no damage.
The wight misses you.
You shoot an arrow. The arrow closely misses the wight.
The wight closely misses you.
You shoot an arrow. The arrow closely misses the wight.
The wight completely misses you. The wight hits you with a +5 mace!
HP[-8]
You take 8 damage, and now have 24/32 hp.
MASSIVE DAMAGE!! (PAUSE)
You are too injured to fight recklessly!
There is an open door here.
You are too injured to fight recklessly!
You are too injured to fight recklessly!
Shoot: a) +0 shortbow {bow}
Press: ? - help, Q - select action, (/) - cycle Shift-Dir - straight line, f - wight
Aim: a wight, wielding a +0 morningstar and wearing a +0 robe (lightly damaged, 64% to hit)
You shoot an arrow.
The arrow hits the wight but does no damage.
Shoot: a) +0 shortbow {bow}
Press: ? - help, Q - select action, (/) - cycle Shift-Dir - straight line, f/p - wight
Aim: a wight, wielding a +0 morningstar and wearing a +0 robe (lightly damaged, umbra, 64% to hit)
You shoot an arrow.
The arrow hits the wight but does no damage.
The wight hits you with a +0 morningstar!
* * * LOW HITPOINT WARNING * * *
You feel drained.
* * * LOW HITPOINT WARNING * * *
HP[-16]
You now have 30 max hp (-2).
You take 16 damage, and now have 8/30 hp.
MASSIVE DAMAGE!! (PAUSE) Shoot: a) +0 shortbow {bow}
Press: ? - help, Q - select action, (/) - cycle Shift-Dir - straight line, f/p - wight
Aim: a wight, wielding a +0 morningstar and wearing a +0 robe (lightly damaged, umbra, 64% to hit)
You shoot an arrow. The arrow barely misses the wight.
The arrow hits the wight but does no damage.
The wight hits you with a +0 morningstar!
You die...

Skill      XL: |  1  2  3  4  5  6  7 |
---------------+----------------------+-----
Stealth        | 2 4 5 |  5.0
Bows           | 4 5 6 8 9 |  9.2
Fighting       | |  0.7
Dodging        | |  2.6
Spellcasting   | |  1.3
Hexes          | |  3.6

Action                   |  1- 3 |  4- 6 |  7- 9 || total
-------------------------+-------+-------+-------++-------
 Fire: Shortbow          |   108 |   115 |    38 ||   261
 Cast: Slow              |     2 |     2 |     1 ||     5
Armor: Robe              |     6 |     3 |     3 ||    12
Dodge: Dodged            |    38 |    38 |    14 ||    90

Levels and vault maps discovered:
D:1:      beargit_arrival_diablo_church, layout_loops_corners,
          minmay_box_of_dots
D:2:      wander_river, layout_loops_ring, basic_altar,
          hellmonk_ecumenical_altar_inner_sanctum
D:3:      layout_basic, biasface_ghost_orc_armoury, minmay_misc_feat_ornament,
          serial_bayou_lake_a
D:4:      minmay_inner_zag, layout_loops_corners,
          minmay_temple_entry_stoned_glass, serial_co_window_serial,
          co_window_cross_1, co_window_corner_a, co_window_of_opportunity_a,
          co_window_paths_b, co_window_paths_a, co_window_2corner,
          co_window_of_opportunity_c, co_window_of_opportunity_c,
          co_window_cross_3, co_window_corner_b, glass_columns_c,
          glass_columns_b, glass_columns_b, glass_columns_b, uniq_duvessa
D:5:      layout_layer_cave, minmay_misc_feat_hallway
D:6:      layout_gridville
Temple:   nicolae_temple_elliptical

Notes
Turn   | Place    | Note
-------+----------+-------------------------------------------
     0 | D:1      | zeratav the Spriggan Arcane Marksman began the quest for
                  | the Orb.
     0 | D:1      | Reached XP level 1. HP: 9/9 MP: 3/3
     0 | D:1      | magus.rc [v1.9.6]
    72 | D:1      | Reached skill level 1 in Stealth
   159 | D:1      | Reached skill level 2 in Stealth
   215 | D:1      | Reached XP level 2. HP: 14/14 MP: 5/5
   217 | D:1      | Reached skill level 3 in Stealth
   846 | D:1      | Reached skill level 4 in Stealth
  1160 | D:1      | Reached XP level 3. HP: 6/17 MP: 6/6
  1676 | D:2      | Reached skill level 5 in Stealth
  1722 | D:2      | Found a hide-covered altar of Uskayaw.
  2156 | D:2      | Found a faded altar of an unknown god.
  2253 | D:3      | Reached skill level 3 in Bows
  2412 | D:4      | Noticed a scorpion
  2458 | D:3      | Killed a scorpion
  2459 | D:3      | Reached skill level 4 in Bows
  2459 | D:3      | Reached XP level 4. HP: 21/21 MP: 4/7
  2505 | D:4      | Noticed Duvessa
  2505 | D:4      | Noticed Dowan
  2600 | D:4      | Noticed a phantom
  2674 | D:4      | HP: 5/21 [phantom (6)]
  2694 | D:4      | Killed a phantom
  2695 | D:4      | Reached skill level 5 in Bows
  2695 | D:4      | Reached XP level 5. HP: 7/25 MP: 8/8
  2953 | D:4      | You pick up a book of Flames and begin reading...
  2953 | D:4      | You add the spells Foxfire, Conjure Flame and Flame Wave to
                  | your library.
  2992 | D:4      | Found a staircase to the Ecumenical Temple.
  3118 | Temple   | Entered the Ecumenical Temple
  3394 | Temple   | Became a worshipper of Dithmenos the Shadowed
  3436 | D:4      | Reached skill level 6 in Bows
  3458 | D:4      | Reached XP level 6. HP: 20/29 MP: 9/9
  3579 | D:4      | You fall into a shaft and drop 2 floors!
  3702 | D:5      | Entered Level 5 of the Dungeon
  4010 | D:4      | Reached skill level 7 in Bows
  4734 | D:5      | Reached skill level 8 in Bows
  4929 | D:5      | Reached XP level 7. HP: 31/32 MP: 10/10
  5343 | D:5      | Reached * piety under Dithmenos
  5361 | D:5      | HP: 8/32 [ogre/+0 giant club (24)]
  5370 | D:5      | Reached skill level 9 in Bows
  6293 | D:6      | Mangled by a wight

Vanquished Creatures
  A black bear (D:5)
  An ogre (D:5)
  A phantom (D:4)
  2 scorpions
  A necrophage (D:5)
  3 hounds
  2 orc priests (D:4)
  3 adders
  2 shadow imps
  4 orcs
  8 ball pythons
  2 bats (D:2)
  6 endoplasms
  5 giant cockroaches
  8 goblins
  9 hobgoblins
  4 jackals
  7 kobolds
  6 quokkas
  2 rats
77 creatures vanquished.

Table legend:
 A = Non-vault XP
 B = Vault XP
 C = Vault XP percentage of total XP
 D = Non-vault monster count
 E = Vault monster count
 F = Vault count percentage of total count
                 A         B        C        D         E       F
            +---------+---------+-------+---------+---------+-------
      Total |     980 |      20 |   2.0 |      66 |      11 |  14.3
            +---------+---------+-------+---------+---------+-------
        D:1 |      42 |       7 |  14.3 |      16 |       4 |  20.0
        D:2 |      20 |       0 |   0.0 |      12 |       0 |   0.0
        D:3 |     100 |       0 |   0.0 |       8 |       0 |   0.0
        D:4 |     382 |      13 |   3.3 |      22 |       7 |  24.1
        D:5 |     433 |       0 |   0.0 |       7 |       0 |   0.0
        D:6 |       3 |       0 |   0.0 |       1 |       0 |   0.0
            +---------+---------+-------+---------+---------+-------

Illustrated notes

Table legend:
 A = Kills in this place as a percentage of kills in entire the game.
 B = Kills by you in this place as a percentage of kills by you in the entire game.
 C = Kills by friends in this place as a percentage of kills by friends in the entire game.
 D = Other kills in this place as a percentage of other kills in the entire game.
 E = Experience gained in this place as a percentage of experience gained in the entire game.
 F = Experience gained in this place divided by the number of levels of this place that you have seen.
                   A       B       C       D       E      F
               +-------+-------+-------+-------+-------+----------------------
         Total | 100.0 | 100.0 |   N/A |   N/A | 100.0 | 142.9
       Dungeon | 100.0 | 100.0 |   N/A |   N/A | 100.0 | 166.7
               +-------+-------+-------+-------+-------+----------------------

Table legend: (Time is in decaauts)
 A = Elapsed time spent in this place.
 B = Non-inter-level travel time spent in this place.
 C = Inter-level travel time spent in this place.
 D = Time resting spent in this place.
 E = Time spent auto-exploring this place.
 F = Levels seen in this place.
 G = Mean time per level.
                   A        B        C        D        E       F      G
               +--------+--------+--------+--------+--------+-----+--------+
         Total |   4655 |   4500 |    155 |    927 |   2929 |   7 |  665.0 |
       Dungeon |   4441 |   4323 |    118 |    927 |   2762 |   6 |  740.2 |
        Temple |    214 |    177 |     37 |      0 |    167 |   1 |  214.0 |
               +--------+--------+--------+--------+--------+-----+--------+

Top non-repeatable levels by time:
     D:4: 1337 daAuts
     D:5: 1052 daAuts
     D:1: 1050 daAuts
     D:2: 593 daAuts
  Temple: 214 daAuts
     D:3: 214 daAuts
     D:6: 193 daAuts
